 Dungeon Crawl Stone Soup version 0.30-a0-777-ga9a30cbeda (webtiles) character file.

Game seed: 13844494709705664035

19 Heoruswealwe the Caller (level 2, 0/15 HPs)
             Began as a Deep Elf Summoner on Feb 14, 2023.
             Slain by a rat (1 damage)
             ... on level 1 of the Dungeon.
             The game lasted 00:03:09 (92 turns).

Heoruswealwe the Caller (Deep Elf Summoner)           Turns: 92, Time: 00:03:10

Health: 0/15       AC:  2    Str:  5    XL:     2   Next: 55%
Magic:  7/8        EV: 12    Int: 19    God:
Gold:   0          SH:  0    Dex: 15    Spells: 6/7 levels left

rFire   . . .      SeeInvis .    (no weapon)
rCold   . . .      Faith    .    (no shield)
rNeg    . . .      Spirit   .    a - +0 robe
rPois   .          Reflect  .    (no helmet)
rElec   .          Harm     .    (no cloak)
rCorr   .          Rampage  .    (no gloves)
Will    .....                    (no boots)
Stlth   ++                       (no amulet)
HPRegen 0.22/turn                (no ring)
MPRegen 0.11/turn                (no ring)

@: no status effects
A: no striking features
a: no special abilities


You were on level 1 of the Dungeon.
You visited 1 branch of the dungeon, and saw 1 of its levels.

Inventory:

Armour
 a - a +0 robe (worn)


   Skills:
 + Level 0.2 Fighting
 + Level 0.1 Long Blades
 + Level 2.4 Dodging
 + Level 2.4 Stealth
 * Level 3.2 Spellcasting
 + Level 0.1 Conjurations
 + Level 0.2 Hexes
 * Level 4.4 Summonings
 + Level 0.1 Necromancy
 + Level 0.6 Translocations
 + Level 0.3 Transmutations
 + Level 0.1 Fire Magic
 + Level 0.1 Ice Magic
 + Level 0.2 Air Magic
 + Level 0.1 Earth Magic
 + Level 0.1 Poison Magic
 + Level 0.1 Invocations
 + Level 0.3 Evocations


You had 6 spell levels left.
You knew the following spells:

 Your Spells              Type           Power      Damage    Failure   Level
a - Summon Small Mammal   Summ           80%        N/A       2%          1

Your spell library contained the following spells:

 Spells                   Type           Power      Damage    Failure   Level
 Call Imp                 Summ           20%        N/A       3%          2
 Call Canine Familiar     Summ           20%        N/A       7%          3
 Summon Guardian Golem    Hex/Summ       11%        N/A       17%         3
 Summon Lightning Spire   Summ/Air       12%        N/A       50%         4


Dungeon Overview and Level Annotations

Branches:
Dungeon (1/15)

Altars:


Message History

The jackal closely misses you.
Your quokka bites the jackal.
The jackal bites you.
* * * LOW HITPOINT WARNING * * *
Your quokka bites the jackal but does no damage.
The jackal bites your quokka but does no damage.
Your quokka barely misses the jackal.
The jackal barely misses your quokka. The rat closely misses your quokka.
The rat barely misses your quokka. The jackal closely misses your quokka.
Your quokka closely misses the jackal.
The jackal bites your quokka.
The rat bites your quokka but does no damage.
Your quokka bites the jackal.
The rat bites your quokka. The jackal misses your quokka.
Your quokka closely misses the jackal.
The rat bites your quokka. x2
The jackal closely misses your quokka.
Your quokka bites the jackal but does no damage.
The rat bites your quokka.
Your quokka dies!
Your quokka's corpse disappears in a puff of smoke!
Casting: Summon Small Mammal (safe; 2% risk of failure)
Confirm with . or Enter, or press ? or * to list all spells.
The jackal barely misses you. The rat bites you.
* * * LOW HITPOINT WARNING * * *
You swap places.
The jackal closely misses you.
Your quokka bites the rat.
The rat misses your quokka. The rat bites you.
* * * LOW HITPOINT WARNING * * *
Magic courses through your body. The jackal closely misses you.
Your quokka bites the rat.
The rat dies!
The jackal closely misses you. The rat closely misses your quokka.
The jackal closely misses you. The rat misses your quokka.
Casting: Summon Small Mammal (safe; 2% risk of failure)
Confirm with . or Enter, or press ? or * to list all spells.
The jackal bites you.
* * * LOW HITPOINT WARNING * * *
The jackal barely misses you. The rat barely misses your quokka.
You swap places.
The jackal bites you.
* * * LOW HITPOINT WARNING * * *
The rat closely misses you.
Your rat barely misses the rat.
The jackal closely misses you. The rat bites you.
You die...

###############
#...........r.#
#....).....r.@#
#...........hr#
#######†#######
#.....†.....JJ#
+⌠....###....⌠+
#......<......#
#..⌠...>...⌠..#
###+#######+###


You could see 2 endoplasms, a jackal, a rat (ally target), a friendly quokka
(summoned) and a friendly rat (summoned).

Vanquished Creatures (collateral kills)
  2 worms (D:1)
  3 endoplasms (D:1)
  3 giant cockroaches (D:1)
  2 jackals (D:1)
  2 rats (D:1)
12 creatures vanquished.

Notes
Turn   | Place    | Note
-------+----------+-------------------------------------------
     0 | D:1      | Heoruswealwe the Deep Elf Summoner began the quest for the
                  | Orb.
     0 | D:1      | Reached XP level 1. HP: 10/10 MP: 6/6
     1 | D:1      | Found a runed translucent door.
    35 | D:1      | Reached XP level 2. HP: 15/15 MP: 2/8
    92 | D:1      | Slain by a rat

Illustrated notes

Levels and vault maps discovered:
D:1:      dpeg_arrival_caged_fury, layout_basic, serial_shops,
          nicolae_shop_bloodbath_and_beyond, shop_fountains

Action                     || total
---------------------------++-------
   Cast: Summon Small Mamm ||    15
    Use: Potion            ||     1
 Armour: Robe              ||     2
  Dodge: Dodged            ||    30

Table legend: (Time is in decaauts)
 A = Elapsed time spent in this place.
 B = Non-inter-level travel time spent in this place.
 C = Inter-level travel time spent in this place.
 D = Time resting spent in this place.
 E = Time spent auto-exploring this place.
 F = Levels seen in this place.
 G = Mean time per level.
                   A        B        C        D        E       F      G
               +--------+--------+--------+--------+--------+-----+--------+
         Total |     92 |     92 |      0 |      0 |      0 |   1 |   92.0 |
       Dungeon |     92 |     92 |      0 |      0 |      0 |   1 |   92.0 |
               +--------+--------+--------+--------+--------+-----+--------+

Top non-repeatable levels by time:
     D:1: 92 daAuts
